AoeStats
← _mansy_

Arabia

509684806Analyzed
2v2 RM · 4d ago on Sep 27, 2026· 61m 41s· 4 players
Game mode
Random Map
Map size
Medium (4 player)
Population
200
Speed
Normal
Resources
Standard
Victory
Conquest
Starting age
Dark Age
Ending age
Imperial Age
RankedLock teamsTeams togetherTeam positionsShared explorationLock speedFull tech treeHidden civsTurbo modeCheats
Victory
Defeat
🇹🇷 Bulgarians · Türkiye
824
+21
🇹🇷 Vikings · Türkiye
651
+18
🇦🇷 Sicilians · Argentina
723
-15
🇷🇺 Spanish · Russia
723
-15
elnano4cchi
3:33 Loom
10:31 Feudal Age
26:04 Forging
32:19 Castle Age
30:49 Stone Mining
31:20 Double-Bit Axe
32:03 Horse Collar
34:14 Stone Shaft Mining
34:15 Bow Saw
36:05 Husbandry
42:02 Iron Casting
41:35 Scale Barding Armor
43:26 Gold Mining
44:25 Squires
43:47 Pikeman
47:28 Wheelbarrow
48:44 Hand Cart
49:50 Heavy Plow
55:57 Imperial Age
54:31 Gold Shaft Mining
56:52 Hauberk
57:51 Cavalier
59:59 Blast Furnace
59:02 Scale Mail Armor
59:25 Chain Barding Armor
_mansy_
11:21 Loom
13:19 Feudal Age
16:12 Double-Bit Axe
16:49 Horse Collar
17:24 Gold Mining
23:16 Castle Age
21:46 Bloodlines
22:50 Scale Barding Armor
22:56 Forging
26:35 Iron Casting
28:09 Heavy Plow
28:21 Bow Saw
28:41 Husbandry
30:27 Chain Barding Armor
32:12 Stone Mining
33:45 Fletching
33:55 Padded Archer Armor
34:25 Bodkin Arrow
35:08 Murder Holes
37:19 Ballistics
42:18 Imperial Age
44:06 Elite Conquistador
45:50 Blast Furnace
45:25 Plate Barding Armor
44:51 Bracer
45:06 Leather Archer Armor
47:30 Two-Man Saw
46:49 Cavalier
56:37 Paladin
ZERDÜŞT
12:21 Feudal Age
12:53 Double-Bit Axe
16:06 Bloodlines
22:31 Castle Age
25:20 Wheelbarrow
25:20 Horse Collar
27:43 Bow Saw
28:03 Gold Mining
29:43 Husbandry
34:09 Hand Cart
35:34 Gold Shaft Mining
35:11 Gambesons
35:12 Arson
36:26 Town Watch
37:08 Ballistics
37:11 Stone Mining
38:00 Stirrups
39:18 Scale Mail Armor
39:19 Padded Archer Armor
39:16 Fletching
42:06 Imperial Age
39:41 Town Patrol
40:23 Loom
42:50 Pikeman
43:30 Squires
44:09 Siege Engineers
44:45 Conscription
44:39 Bodkin Arrow
44:59 Leather Archer Armor
45:00 Chain Mail Armor
44:56 Forging
44:51 Scale Barding Armor
45:23 Halberdier
48:29 Thumb Ring
47:45 Elite Skirmisher
48:28 Bracer
54:21 Plate Mail Armor
54:26 Iron Casting
54:12 Chain Barding Armor
Sultan
2:11 Loom
9:51 Feudal Age
10:18 Double-Bit Axe
12:24 Man-at-Arms
12:50 Arson
21:07 Scale Mail Armor
22:23 Forging
23:13 Gold Mining
29:35 Castle Age
32:58 Bow Saw
32:46 Stone Mining
32:35 Pikeman
33:17 Squires
33:50 Caravan
33:25 Long Swordsman
35:09 Crossbowman
36:58 Gold Shaft Mining
36:43 Town Watch
37:18 Elite Skirmisher
38:31 Fletching
38:41 Padded Archer Armor
42:59 Imperial Age
42:18 Chieftains
43:37 Iron Casting
43:18 Chain Mail Armor
43:44 Two-Handed Swordsman
45:14 Ballistics
45:56 Chemistry
44:37 Treadmill Crane
44:57 Arbalester
46:45 Leather Archer Armor
46:26 Bodkin Arrow
46:53 Champion
49:49 Conscription
51:54 Blast Furnace
51:24 Plate Mail Armor
50:39 Capped Ram
58:47 Siege Ram
61:31 Horse Collar
Connection lost

Rejoining the realm…

Still unreachable

The connection could not be restored.

Session expired

The server has moved on; the page needs a fresh start.